 Dungeon Crawl Stone Soup version 0.18.1-48-g4cf74bf (webtiles) character file.

91 Gargoyl the Skirmisher (level 4, 0/37 HPs)
             Began as a Demonspawn Abyssal Knight on Aug 8, 2016.
             Was a Believer of Lugonu.
             Slain by an adder (4 damage)
             ... on level 2 of the Dungeon.
             The game lasted 00:06:35 (2432 turns).

Gargoyl the Skirmisher (Demonspawn Abyssal Knight)  Turns: 2432, Time: 00:06:35

Health: 0/37       AC:  5    Str: 12 (13) XL:     4   Next: 33%
Magic:  5/5        EV:  7    Int: 12 (13) God:    Lugonu [**....]
Gold:   113        SH:  8    Dex: 10 (13) Spells: 0 memorised, 3 levels left

rFire  . . .     SeeInvis .     a - +1 hand axe
rCold  + . .     Gourm    .     k - +0 ring mail
rNeg   . . .     Faith    .     s - +2 shield
rPois  .         Spirit   .     (helmet restricted)
rElec  .         Dismiss  .     (no cloak)
rCorr  .         Reflect  .     (no gloves)
SustAt .         Harm     .     (no boots)
MR     .....                    (no amulet)
Stlth  ++........               (no ring)
                                d - ring of stealth

@: lethally poisoned (0 -> -12), not resistant to hostile enchantments,
unstealthy
A: antennae 2, cold resistance 1
a: Depart the Abyss, Bend Space, Renounce Religion


You were on level 2 of the Dungeon.
You worshipped Lugonu.
Lugonu was pleased with you.
You were not hungry.

You visited 1 branch of the dungeon, and saw 4 of its levels.
You visited the Abyss 1 time.

You collected 113 gold pieces.

Inventory:

Hand Weapons
 a - a +1 hand axe (weapon)
Armour
 k - a +0 ring mail (worn)
 s - a +2 shield (worn)
Jewellery
 d - a ring of stealth (left hand)
Wands
 h - a wand of iceblast (9/15)
Scrolls
 e - a scroll of recharging
 l - a scroll of remove curse {unknown}
 m - a scroll of enchant armour {unknown}
 q - a scroll of immolation {unknown}
Potions
 f - a potion of degeneration
Comestibles
 c - 3 bread rations
 o - a beef jerky
 p - a royal jelly


   Skills:
 + Level 3.8 Fighting
 + Level 2.2 Axes
 * Level 2.5 Armour
 + Level 1.9 Dodging
 + Level 0.2 Stealth
 + Level 2.5 Invocations


You had 3 spell levels left.
You didn't know any spells.

Dungeon Overview and Level Annotations

Branches:
Dungeon (4/15)
 Temple: D:4-7

Altars:

Annotations:
D:3 sonic's ghost, amateur DgFE


Innate Abilities, Weirdness & Mutations

You have a pair of antennae on your head.
Your flesh is cold resistant.


Message History

You barely miss the adder.
The adder is almost dead.
* * * LOW HITPOINT WARNING * * *
You feel sick. You block the adder's attack. The adder barely misses you.
You hit the adder.
The adder is almost dead.
* * * LOW HITPOINT WARNING * * *
You feel sick. The adder barely misses you. You block the adder's attack.
You hit the adder but do no damage.
The adder is almost dead.
* * * LOW HITPOINT WARNING * * *
You feel sick. The adder bites you.
* * * LOW HITPOINT WARNING * * *
You are more poisoned.
The adder poisons you!
You closely miss the adder.
The adder is almost dead.
* * * LOW HITPOINT WARNING * * *
You feel sick. The adder bites you.
You die...

.........# #...# ###)#......
.#...)...#####...######........##
.#..#.................#.........#
.#..#............................
......................#.......###
#...#...######...######..........
........# #...# #.......###
#.#.....# #..S# ####.####
#.##...## #..@#########.####
#.###..# #>...............#
.......# ##########.##.##.###
#)###.## #.##....... #.###.######
########.#####.##. ......#....#
#...>...†......##. #.#####.##.#
#.#####..########( #.# #.##.#
#.##........# ## ..#
#.##.#####.##.#...##.#


You could see an adder.

Vanquished Creatures
  3 adders (D:2)
  An adder skeleton (D:4)
  3 worms
  2 giant geckos
  11 bats
  3 giant cockroaches
  7 goblins
  5 hobgoblins
  5 kobolds
  2 giant newts (D:2)
  8 rats
50 creatures vanquished.

Notes
Turn   | Place    | Note
--------------------------------------------------------------
     0 | Abyss:1  | Gargoyl the Demonspawn Abyssal Knight began the quest for the Orb.
     0 | Abyss:1  | Reached XP level 1. HP: 18/18 MP: 2/2
    83 | Abyss:1  | Noticed a fire elemental
   170 | D:1      | Escaped the Abyss
   342 | D:1      | Reached skill level 1 in Dodging
   350 | D:1      | Gained mutation: You have a pair of small antennae on your head. [demonic ancestry]
   350 | D:1      | Reached XP level 2. HP: 24/24 MP: 3/3
   362 | D:1      | Reached * piety under Lugonu
   968 | D:2      | Found a faded altar to an unknown god.
  1102 | D:2      | Gained mutation: You have a pair of antennae on your head. [demonic ancestry]
  1102 | D:2      | Reached XP level 3. HP: 29/29 MP: 4/4
  1723 | D:2      | Reached ** piety under Lugonu
  1948 | D:2      | Gained mutation: Your flesh is cold resistant. [demonic ancestry]
  1948 | D:2      | Reached XP level 4. HP: 31/37 MP: 5/5
  2055 | D:3      | Noticed sonic's ghost (amateur DgFE)
  2116 | D:4      | Noticed a phantom
  2432 | D:2      | Slain by an adder

Skill      XL: |  1  2 |
---------------+-------+-----
Dodging        | 1 |  1.9
Armour         | 2 |  2.5
Axes           | 2 |  2.2
Fighting       | |  3.8
Stealth        | |  0.2
Invocations    | |  2.5

Action                   |  1- 3 |  4- 6 || total
-------------------------+-------+-------++-------
Melee: Hand axe          |   146 |    57 ||   203
Invok: Depart the Abyss  |     1 |       ||     1
Evoke: Wand              |       |     3 ||     3
  Use: Scroll            |       |     5 ||     5
       Potion            |       |     4 ||     4
 Stab: Sleeping          |     2 |       ||     2
  Eat: Chunk             |     3 |       ||     3
       Bread ration      |       |     1 ||     1
Armor: Leather armour    |    21 |       ||    21
       Ring mail         |    40 |    24 ||    64
Dodge: Dodged            |   115 |    21 ||   136
Block: Shield            |    11 |    26 ||    37
